Map: Golden Wall LE

Players

MarineLorD - Winner!

  • Race: Terran Terran
  • Spawn Location: 7:00

GOStephano (Stephano)

  • Race: Zerg Zerg
  • League: Grandmaster
  • Spawn Location: 5:00

Event: DreamHack SC2 Masters 2020 Summer Europe

VOD

Have the link to the VOD?

Description

Time

  • Played on: June 24, 2020, 11:27 a.m.
  • Length: 5:38

All games in this series

Show
View Real Time Build Order
Export as new Build Order

MarineLorD Terran - Winner!

Build Orders:  

Get SALT Encoding   

  12  0:00  SCV  
  13  0:13  SCV  
  14  0:18  Supply Depot  
  14  0:25  SCV  
  15  0:40  Barracks  
  15  0:53  Barracks  
  15  1:05  Barracks  
  15  1:10  SCV  
  16  1:27  Orbital Command, Marine  
  17  1:39  Marine  
  18  1:45  Marine  
  19  1:49  Supply Depot  
  19  1:53  Marine  
  20  1:57  Marine  
  20  2:01  Bunker  
  21  2:03  Marine  
  22  2:11  Marine  
  22  2:15  Marine  
  24  2:21  Marine  
  23  2:27  SCV  
  23  2:29  Marine  
  25  2:33  Marine  
  26  2:39  Marine  
  26  2:44  SCV  
  28  2:45  Supply Depot  
  28  2:47  Marine  
  28  2:51  Marine  
  29  2:56  Marine, SCV  
  31  3:05  Marine  
  31  3:08  Marine  
  32  3:14  Marine  
  32  3:22  Marine  
  32  3:23  SCV  
  32  3:26  Marine  
  34  3:32  Marine  
  35  3:40  Marine  
  36  3:44  Marine  
  36  3:50  Marine  
  37  3:58  Marine  
  37  4:02  Marine  
  39  4:08  Marine  
  34  4:16  Marine  
  25  4:20  Marine  
  19  4:35  Marine  
  20  4:42  Marine  
  19  4:58  Marine  
  19  5:09  Marine  
  20  5:16  SCV  
Show
View Real Time Build Order
Export as new Build Order

GOStephano Zerg 

Build Orders: Hatch First 

Get SALT Encoding   

  12  0:00  Drone  
  13  0:12  Overlord  
  13  0:17  Drone  
  14  0:30  Drone x2  
  16  0:49  Hatchery  
  15  0:52  Drone  
  15  0:55  Drone  
  17  0:59  Drone  
  18  1:10  Extractor  
  17  1:14  Spawning Pool  
  17  1:17  Drone  
  17  1:21  Drone  
  18  1:28  Drone  
  19  1:39  Drone  
  20  1:49  Drone  
  21  2:01  Queen x2  
  21  2:03  Spine Crawler  
  21  2:05  Spine Crawler  
  23  2:10  Zergling x2  
  23  2:12  Zergling x2  
  25  2:18  Zergling x2  
  21  2:23  Zergling x2  
  21  2:27  Zergling x2  
  22  2:31  Zergling x2  
  22  2:36  Zergling x2  
  22  2:44  Zergling x4  
  24  2:59  Drone x3  
  27  3:11  Zergling x2  
  28  3:12  Overlord  
  27  3:21  Zergling x4  
  27  3:30  Queen  
  29  3:40  Queen, Spine Crawler  
  30  3:45  Zergling x2  
  31  3:52  Zergling x4  
  33  3:58  Zergling x4  
  29  4:15  Zergling x2  
  19  4:28  Zergling x2  
  20  4:34  Zergling x2  
  21  4:42  Zergling x2  
  16  4:57  Zergling x2  
  17  5:04  Zergling x4  
  13  5:21  Spawning Pool  
Tags
 
Add a new tag
Caveats
  • Supply blocks, unpowered buildings, or Contaminate may cause inaccurate times.
  • Supply counts are checked every 10 seconds.